 Dungeon Crawl Stone Soup version 0.16.1-11-g651b585 (webtiles) character file.

158 jacksonaction the Poker (level 5, -7/45 HPs)
             Began as a Hill Orc Fighter on Apr 5, 2015.
             Was an Initiate of Beogh.
             Killed from afar by an orc wizard (11 damage)
             ... with a puff of flame
             ... on level 3 of the Dungeon.
             The game lasted 00:09:45 (2285 turns).

jacksonaction the Poker (Hill Orc Fighter)          Turns: 2285, Time: 00:09:45

Health: -7/45      AC:  7    Str: 25    XL:     5   Next: 40%
Magic:  5/5        EV:  7    Int:  8    God:    Beogh [......]
Gold:   108        SH: 10    Dex: 10    Spells: 0 memorised, 4 levels left

rFire  . . .     SeeInvis .     a - +0 trident
rCold  . . .     Clarity  .     b - +0 scale mail
rNeg   . . .     SustAb   .     c - +0 shield
rPois  .         Gourm    .     (no helmet)
rElec  .         Spirit   .     (no cloak)
rCorr  .         Warding  .     (no gloves)
rMut   .         Stasis   .     (no boots)
MR     .....                    (no amulet)
Stlth  ..........               (no ring)
                                (no ring)

@: mighty, very slightly contaminated, hasted, very quick, not resistant to
hostile enchantments, extremely unstealthy
A: no striking features
a: Renounce Religion


You were on level 3 of the Dungeon.
You worshipped Beogh.
Beogh was noncommittal.
You were very hungry.

You visited 1 branch of the dungeon, and saw 3 of its levels.

You collected 108 gold pieces.

Inventory:

Hand weapons
 a - a +0 trident (weapon)
Armour
 b - a +0 scale mail (worn)
 c - a +0 shield (worn)
Jewellery
 k - an uncursed ring of protection from cold {unknown}
Scrolls
 f - a scroll of immolation {unknown}
 h - a scroll of remove curse {unknown}
 i - 2 scrolls of amnesia {unknown}
 m - a scroll of magic mapping {unknown}
 n - a scroll of identify {unknown}
 o - 4 scrolls of teleportation {unknown}
 p - a scroll of random uselessness {unknown}
Potions
 g - a potion of haste
 l - a potion of resistance {unknown}
 r - a potion of degeneration {unknown}
Comestibles
 d - 5 meat rations
 j - 3 bread rations
 q - a beef jerky
 s - a slice of pizza


   Skills:
 - Level 3.6 Fighting
 + Level 5.9 Polearms
 - Level 3.2 Armour
 - Level 3.2 Shields


You had 4 spell levels left.
You didn't know any spells.

Dungeon Overview and Level Annotations

Branches:
Dungeon (3/15)

Altars:
Ashenzari


Message History

The magic dart hits you!
* * * LOW HITPOINT WARNING * * *
You barely miss the orc wizard.
The orc wizard is heavily wounded.
The orc wizard hits you but does no damage.
Drink which item? (? for menu, Esc to quit)
It was a potion of haste.
You feel yourself speed up.
The orc wizard gestures at you while chanting.
The puff of frost hits you! Beogh protects you from harm!
You are very lightly contaminated with residual magic.
Drink which item? (? for menu, Esc to quit)
You feel very mighty all of a sudden.
The orc wizard mumbles some strange words.
The orc wizard seems to speed up.
You hit the orc wizard.
The orc wizard is almost dead.
The orc wizard casts a spell at you. The puff of flame hits you!
You die...

.# .# .# .# #. .#########
#. # .......... ### ### .
... ..######## ..# ##..
.#..# #.# #.##
##.###?...# #.##
#@###.#.......# ...#
#######o#..#o....# #..#
#......oo..#o##### #..#
#.#####....#.# #..# #.#
#......[.# #..# #.#
#...>....#
#..########.###........##
..........[..)..#...#.#.#
#.)#.....[#.###.#...##.##


You could see an orc wizard and 2 orcs.

Vanquished Creatures
  An orc priest (D:3)
  A gnoll (D:1)
  2 adders (D:3)
  2 giant mites (D:2)
  A worm (D:3)
  2 oozes
  5 orcs
  7 bats
  A giant cockroach (D:1)
  5 goblins
  5 hobgoblins
  8 jackals (D:1)
  2 quokkas (D:2)
  A ball python (D:1)
  3 giant geckos
  3 giant newts
  7 kobolds
  23 rats
79 creatures vanquished.

Vanquished Creatures (others)
  An orc priest (D:3)
  2 orcs (D:3)
3 creatures vanquished.

Grand Total: 82 creatures vanquished

Notes
Turn   | Place    | Note
--------------------------------------------------------------
     0 | D:1      | jacksonaction, the Hill Orc Fighter, began the quest for the Orb.
     0 | D:1      | Reached XP level 1. HP: 19/19 MP: 1/1
    32 | D:1      | Reached XP level 2. HP: 23/26 MP: 2/2
   237 | D:1      | Reached XP level 3. HP: 21/31 MP: 3/3
   474 | D:1      | Reached skill level 4 in Polearms
   875 | D:2      | Found a shattered altar of Ashenzari.
   970 | D:2      | Reached XP level 4. HP: 25/39 MP: 4/4
  1329 | D:2      | Reached skill level 5 in Polearms
  1820 | D:3      | Became a worshipper of Beogh the Brigand
  1854 | D:3      | HP: 1/39 [orc/short sword (3)]
  1855 | D:3      | Reached XP level 5. HP: 1/45 MP: 5/5
  1860 | D:3      | HP: 1/45 [hobgoblin/club (1)]
  2283 | D:3      | Beogh protects you from harm!
  2285 | D:3      | Killed from afar by an orc wizard

Action                   |  1- 3 |  4- 6 || total
-------------------------+-------+-------++-------
Melee: Trident           |   156 |   165 ||   321
Invok: Convert to Beogh  |       |     1 ||     1
  Use: Potion            |       |     2 ||     2
  Eat: Chunk             |       |     4 ||     4
